 Dungeon Sprint DCSS version 0.29-a0-723-gce39da1c22 (webtiles) character file.

Game seed: 8887540744154690413

445 zeratav the Covert (level 6, -1/39 HPs)
             Began as a Spriggan Brigand on June 28, 2022.
             Was an Initiate of Wu Jian.
             Slain by a slime creature (10 damage)
             ... in the Dungeon (Sprint I: "Red Sonja").
             The game lasted 00:02:01 (490 turns).

zeratav the Covert (Spriggan Brigand)                Turns: 490, Time: 00:02:02

Health: -1/39      AC:  3    Str:  7    XL:     6   Next: 72%
Magic:  7/7        EV: 16    Int: 12    God:    Wu Jian [......]
Gold:   305        SH:  0    Dex: 19    Spells: 5/5 levels left

rFire   . . .      SeeInvis +   a - +2 dagger {short}
rCold   . . .      Faith    .   (no shield)
rNeg    . . .      Spirit   .   b - +0 robe
rPois   .          Reflect  .   (helmet restricted)
rElec   .          Harm     .   c - +0 cloak
rCorr   .          Rampage  .   (gloves unavailable)
Will    +....      NoTele   +   (boots unavailable)
Stlth   +++++.....              (no amulet)
HPRegen 0.13/turn               (no ring)
MPRegen 0.10/turn               (no ring)

@: very quick
A: very small, no large weapons, unfitting armour, see invisible, speed 3
a: Renounce Religion


You were in the Dungeon.
You worshipped Wu Jian.
Wu Jian was noncommittal.
You visited 1 branch You collected 305 gold pieces.


Innate Abilities, Weirdness & Mutations

You are very small and have problems with some larger weapons.
You are too small for most types of armour.
You have supernaturally acute eyesight. (SInv)
You cover ground extremely quickly. (Speed+++)


   Skills:
 - Level 8.0 Fighting
 - Level 10.0 Short Blades
 - Level 2.0 Throwing
 + Level 1.5 Dodging
 - Level 12.0 Stealth


You had 5 spell levels left.
You didn't know any spells.
Your spell library contained the following spells:

 Spells                   Type           Power      Damage    Failure   Level
 Sting                    Tmut/Pois      0%         1d3       32%         1
 Poisonous Vapours        Pois/Air       0%         N/A       45%         2
 Olgreb's Toxic Radiance  Pois           0%         N/A       97%         4

Inventory:

Hand Weapons
 a - a +2 dagger (weapon) {short}
Missiles
 d - 8 poisoned darts (quivered) {throwing}
 e - 3 curare-tipped darts {=fthrowing}
Armour
 b - a +0 robe (worn)
 c - a +0 cloak (worn)
Wands
 l - a wand of acid (12)
   (You took it off Ijyb in the Dungeon)
 m - a wand of iceblast (11)
   (You found it in the Dungeon)
Scrolls
 k - a scroll of blinking {!r}
Potions
 f - 2 potions of curing {@q1}
 g - a potion of heal wounds {@q2}
 h - a potion of haste {@q3}
 i - 2 potions of magic
 j - a potion of berserk rage {!q}

Dungeon Overview and Level Annotations

Branches:
Dungeon (1/1) Zot: 27000

Altars:
Cheibriados
Dithmenos
Elyvilon
Fedhas
Gozag
Hepliaklqana
Kikubaaqudgha
Makhleb
Nemelex Xobeh
Okawaru
Qazlal
Ru
Sif Muna
Trog
Uskayaw
Vehumet
Wu Jian
Xom
Yredelemnul
Zin
The Shining One
Jiyva
Lugonu

Shops:
D

*
###################
#<.#.)'..#.)'..#__#
#..'..#..'..#..@J.+
#..#####'#####'#__#
#..####..#...#.####
#..#__####..##.#
#).#_____##'#_.+
#⌠⌠#_.∩...'..._#
####_..__##_.#'#
#_____###+#.#
####### ###


You could see a slime creature.


Message History

Unknown command.
Unknown command.
That's the wrong kind of item! (Use * to select it.) Evoke which item? (* to show all) (? for menu, Esc to quit)
Huh?
Evoke which item? (* to show all) (? for menu, Esc to quit)
Huh?
Evoke which item? (* to show all) (? for menu, Esc to quit)
Okay, then.
Unknown command.
Unknown command.
Aiming: Corrosive Bolt
Press: ? - help, Shift-Dir - straight line, f - jelly
Aim: a jelly (almost dead, 100% to hit)
The bolt of acid hits the jelly.
The jelly completely resists.
You barely miss the jelly. You hit the jelly.
You kill the jelly!
The Council accepts your kill.
Your Short Blades skill increases to level 6!
You pick up a Young Poisoner's Handbook and begin reading...
You add the spells Sting, Poisonous Vapours and Olgreb's Toxic Radiance to your library.
HP[+1]
You now have 170 gold pieces (gained 8).
You start resting.
You are no longer corroded.
HP[+1]
You start resting.
You start resting.
HP[+31]
Your hp is fully restored (39).
There is an ornate altar of the Wu Jian Council, spattered with blood here.
You open the door.
A yak comes into view.
Found Ulaynila's General Store.
Found fourteen altars.
Found an opulent altar of Gozag.
You lunge at the yak.
The helpless yak fails to defend itself.
You perforate the yak like a sieve!!!!
You kill the yak!
The Council accepts your kill.
Training target 10.0 for Short Blades reached!
Your Short Blades skill gained 4 levels and is now at level 10!
You need to enable at least one skill for training.
There is an open door here.
Found a sparkling altar of Nemelex Xobeh.
There is an entrance to Ulaynila's General Store here.
There is an open door here.
You open the door.
There is an open door here.
You now have 197 gold pieces (gained 27).
You now have 224 gold pieces (gained 27).
You now have 251 gold pieces (gained 27).
You now have 278 gold pieces (gained 27).
You now have 305 gold pieces (gained 27).
There is an open door here.
There is a shimmering blue altar of Sif Muna here.
You open the door.
There is an open door here.
m - a wand of iceblast (11)
There is an open door here.
There is a shimmering blue altar of Sif Muna here.
There is an open door here.
You open the door.
A slime creature comes into view.
The slime creature quivers.
Found four altars.
You lunge at the slime creature.
You hit the slime creature. The slime creature hits you!
There is an open door here.
HP[-10]
You take 10 damage, and now have 29/39 hp.
MASSIVE DAMAGE!! (PAUSE)
You hit the slime creature but do no damage.
HP[+1]
You hit the slime creature. The slime creature misses you.
You barely miss the slime creature. You hit the slime creature.
The slime creature barely misses you.
You hit the slime creature. You completely miss the slime creature.
The slime creature closely misses you.
You hit the slime creature. You hit the slime creature.
The slime creature barely misses you.
You hit the slime creature.
You hit the slime creature but do no damage.
The slime creature hits you.
HP[-2]
You take 2 damage, and now have 28/39 hp.
You hit the slime creature.
You hit the slime creature but do no damage.
The slime creature hits you.
HP[-4]
You take 4 damage, and now have 24/39 hp.
You hit the slime creature but do no damage.
You hit the slime creature. The slime creature hits you!
* * * LOW HITPOINT WARNING * * *
You hit the slime creature.
HP[-16]
You take 16 damage, and now have 8/39 hp.
MASSIVE DAMAGE!! (PAUSE)
You hit the slime creature. The slime creature hits you!
You die...

Skill      XL: |  1  2  3  4  5  6 |
---------------+-------------------+-----
Stealth        | 10 12 | 12.0
Fighting       | 5 8 |  8.0
Short Blades   | 5 10 | 10.0
Throwing       | |  2.0
Dodging        | |  1.5

Action                   |  1- 3 |  4- 6 || total
-------------------------+-------+-------++-------
Melee: Dagger            |     5 |    26 ||    31
Throw: Dart              |     6 |       ||     6
Invok: Lunge             |       |     2 ||     2
Evoke: Wand              |       |     1 ||     1
 Stab: Sleeping          |     1 |     2 ||     3
Armor: Robe              |       |     2 ||     2
Dodge: Dodged            |     1 |     5 ||     6

Levels and vault maps discovered:
D:        dungeon_sprint_1 [red_sonja_temple_1, red_sonja_temple_small_1]

Notes
Turn   | Place    | Note
-------+----------+-------------------------------------------
     0 | D        | zeratav the Spriggan Brigand began the quest for the Orb.
     0 | D        | Reached XP level 1. HP: 10/10 MP: 2/2
     0 | D        | magus.rc [v1.9.6]
     2 | D        | Noticed Ijyb
     5 | D        | Killed Ijyb
     6 | D        | Reached skill level 10 in Stealth
     6 | D        | Reached XP level 2. HP: 14/14 MP: 3/3
     8 | D        | Noticed an ogre
    26 | D        | Killed an ogre
    27 | D        | Reached skill level 12 in Stealth
    27 | D        | Reached skill level 5 in Fighting
    27 | D        | Reached XP level 3. HP: 23/23 MP: 4/4
    27 | D        | Reached XP level 4. HP: 27/27 MP: 5/5
   150 | D        | Noticed Sigmund
   153 | D        | Killed Sigmund
   154 | D        | Reached skill level 8 in Fighting
   154 | D        | Reached skill level 5 in Short Blades
   154 | D        | Reached XP level 5. HP: 34/34 MP: 6/6
   154 | D        | Reached XP level 6. HP: 39/39 MP: 7/7
   166 | D        | Found an ornate altar of the Wu Jian Council.
   166 | D        | Found a shimmering blue altar of Sif Muna.
   168 | D        | Found a radiant altar of Vehumet.
   171 | D        | Became a worshipper of the Wu Jian Council
   176 | D        | HP: 6/39 [acid (6)]
   183 | D        | Reached skill level 6 in Short Blades
   184 | D        | You add the spells Sting, Poisonous Vapours and Olgreb's
                  | Toxic Radiance to your library.
   434 | D        | Found Ulaynila's General Store.
   434 | D        | Found an ancient bone altar of Kikubaaqudgha.
   434 | D        | Found a hazy altar of Hepliaklqana.
   434 | D        | Found a stormy altar of Qazlal.
   434 | D        | Found a hide-covered altar of Uskayaw.
   434 | D        | Found a blossoming altar of Fedhas.
   434 | D        | Found a bloodstained altar of Trog.
   434 | D        | Found an iron altar of Okawaru.
   434 | D        | Found a basalt altar of Yredelemnul.
   434 | D        | Found a glowing golden altar of the Shining One.
   434 | D        | Found a snail-covered altar of Cheibriados.
   434 | D        | Found a sacrificial altar of Ru.
   434 | D        | Found a glowing silver altar of Zin.
   434 | D        | Found a shadowy altar of Dithmenos.
   434 | D        | Found a white marble altar of Elyvilon.
   434 | D        | Noticed a yak
   435 | D        | Found an opulent altar of Gozag.
   435 | D        | Killed a yak
   436 | D        | Reached skill level 10 in Short Blades
   436 | D        | Found a sparkling altar of Nemelex Xobeh.
   473 | D        | Found a burning altar of Makhleb.
   473 | D        | Found a viscous altar of Jiyva.
   473 | D        | Found a shimmering altar of Xom.
   473 | D        | Found a corrupted altar of Lugonu.
   473 | D        | Noticed a slime creature
   488 | D        | HP: 8/39 [slime creature (16)]
   490 | D        | Slain by a slime creature

Vanquished Creatures
  Sigmund (D)
  A yak (D)
  An ogre (D)
  A jelly (D)
  Ijyb (D)
5 creatures vanquished.

Table legend:
 A = Non-vault XP
 B = Vault XP
 C = Vault XP percentage of total XP
 D = Non-vault monster count
 E = Vault monster count
 F = Vault count percentage of total count
                 A         B        C        D         E       F
            +---------+---------+-------+---------+---------+-------
      Total |       0 |     636 | 100.0 |       0 |       5 | 100.0
            +---------+---------+-------+---------+---------+-------
          D |       0 |     636 | 100.0 |       0 |       5 | 100.0
            +---------+---------+-------+---------+---------+-------

Illustrated notes

Table legend:
 A = Kills in this place as a percentage of kills in entire the game.
 B = Kills by you in this place as a percentage of kills by you in the entire game.
 C = Kills by friends in this place as a percentage of kills by friends in the entire game.
 D = Other kills in this place as a percentage of other kills in the entire game.
 E = Experience gained in this place as a percentage of experience gained in the entire game.
 F = Experience gained in this place divided by the number of levels of this place that you have seen.
                   A       B       C       D       E      F
               +-------+-------+-------+-------+-------+----------------------
         Total | 100.0 | 100.0 |   N/A |   N/A | 100.0 | 636.0
       Dungeon | 100.0 | 100.0 |   N/A |   N/A | 100.0 | 636.0
               +-------+-------+-------+-------+-------+----------------------

Table legend: (Time is in decaauts)
 A = Elapsed time spent in this place.
 B = Non-inter-level travel time spent in this place.
 C = Inter-level travel time spent in this place.
 D = Time resting spent in this place.
 E = Time spent auto-exploring this place.
 F = Levels seen in this place.
 G = Mean time per level.
                   A        B        C        D        E       F      G
               +--------+--------+--------+--------+--------+-----+--------+
         Total |    447 |    447 |      0 |    344 |      0 |   1 |  447.0 |
       Dungeon |    447 |    447 |      0 |    344 |      0 |   1 |  447.0 |
               +--------+--------+--------+--------+--------+-----+--------+

Top non-repeatable levels by time:
       D: 447 daAuts
